 Dungeon Sprint DCSS version 0.26-a0-84-g8c18429211 (webtiles) character file.

Game seed: 17446954713508360176

333 Conn the Thaumaturge (level 6, -1/39 HPs)
             Began as an Octopode Wizard on June 19, 2020.
             Was an Initiate of Sif Muna.
             Slain by Sonja
             ... wielding a +2 dagger of distortion
              (3 damage)
             ... in the Dungeon (Sprint I: "Red Sonja").
             The game lasted 00:05:56 (606 turns).

Conn the Thaumaturge (Octopode Wizard)               Turns: 606, Time: 00:06:01

Health: -1/39      AC:  1    Str:  6    XL:     6   Next: 52%
Magic:  1/19       EV: 14    Int: 23    God:    Sif Muna [......]
Gold:   278        SH:  0    Dex: 10    Spells: 14/25 levels left

rFire    . . .     SeeInvis .   f - +0 scythe
rCold    . . .     Gourm    .   (shield currently unavailable)
rNeg     . . .     Faith    .   a - +0 hat
rPois    .         Spirit   .   (no amulet)
rElec    .         Reflect  .   (no ring)
rCorr    .         Harm     .   (no ring)
MR       .....     NoTele   +   (no ring)
Stlth    ++++......             (no ring)
HPRegen  0.13/turn              (no ring)
MPRegen  0.16/turn              (no ring)
                                (no ring)
                                (no ring)

@: very slightly contaminated
A: almost no armour, stealthy swim, amphibious, 8 rings, constrict 8, camouflage
1, gelatinous body 1
a: Renounce Religion


You were in the Dungeon.
You worshipped Sif Muna.
Sif Muna was noncommittal.
You were not hungry.

You visited 1 branch You collected 317 gold pieces.
You spent 39 gold pieces at shops.

Inventory:

Hand Weapons
 f - a +0 scythe (weapon)
Missiles
 h - 5 curare-tipped darts (quivered)
Armour
 a - a +0 hat (worn)
Scrolls
 i - a scroll of blinking
Potions
 b - a potion of degeneration {unknown}
 d - a potion of curing
 g - a potion of magic
Comestibles
 c - a ration


   Skills:
 * Level 2.2 Fighting
 + Level 0.3 Polearms
 + Level 4.5 Dodging
 + Level 4.9 Stealth
 * Level 10.1 Spellcasting
 * Level 3.4 Conjurations
 + Level 3.4 Summonings
 + Level 1.2 Translocations
 + Level 1.0 Fire Magic
 + Level 1.3 Air Magic
 + Level 1.8 Poison Magic


You had 14 spell levels left.
You knew the following spells:

 Your Spells              Type           Power        Failure   Level  Hunger
a - Magic Dart            Conj           ####         1%          1    None
b - Blink                 Tloc           N/A          5%          2    None
c - Call Imp              Summ           ####....     1%          2    None
d - Conjure Flame         Conj/Fire      ###.....     7%          3    None
e - Mephitic Cloud        Conj/Pois/Air  ###.....     7%          3    None

Your spell library contained the following spells:

 Spells                   Type           Power        Failure   Level  Hunger
 Slow                     Hex            ##......     9%          2    None


Dungeon Overview and Level Annotations

Branches:
Dungeon (1/1)

Altars:
Cheibriados
Dithmenos
Elyvilon
Fedhas
Gozag
Hepliaklqana
Kikubaaqudgha
Nemelex Xobeh
Okawaru
Qazlal
Ru
Sif Muna
Trog
Uskayaw
Vehumet
Wu Jian
Yredelemnul
Zin
The Shining One

Shops:
D *

Annotations:
D Sonja


Innate Abilities, Weirdness & Mutations

You cannot wear most types of armour.
You are very stealthy in the water. (Stealth+)
You are amphibious.
You can wear up to eight rings at the same time.
You can use your tentacles to constrict eight enemies at once.
Your skin changes colour to match your surroundings (Stealth+).
Your rubbery body absorbs attacks. (AC +1, EV +1)


Message History

Really fire in your white imp's direction?
You throw a curare-tipped dart.
The curare-tipped dart barely misses Sonja.
The curare-tipped dart barely misses your white imp.
Casting: Blink (safe; 5% risk of failure)
Confirm with . or Enter, or press ? or * to list all spells.
Okay, then.
Okay, then.
Casting: Blink (safe; 5% risk of failure)
Confirm with . or Enter, or press ? or * to list all spells.
Okay, then.
Unknown command.
Unknown command.
You feel much better.
Sonja hits you with a +2 dagger of distortion!
Space warps horribly around you!!
Ouch! That really hurt!
* * * LOW HITPOINT WARNING * * *
Sonja hits you with a +2 dagger of distortion.
You die...

################
#<.#.)'..#..'..#
#..'..#.['..#..+
#..#####'#####'#
#).####..#.@.#.#
#..#__####K(##.#
#..#_____##5#_.+
#⌠⌠#_.∩...'..._#
####_..__##_.#'#
#_____###(#.#
####### #(###
$.$ $.$#


You could see Sonja (confused) and a friendly white imp (summoned).

Vanquished Creatures
  Sigmund (D)
  An ogre (D)
  A jelly (D)
  Ijyb (D)
4 creatures vanquished.

Vanquished Creatures (collateral kills)
  A yak (D)
1 creature vanquished.

Grand Total: 5 creatures vanquished

Notes
Turn   | Place    | Note
-------+----------+-------------------------------------------
     0 | D        | Conn the Octopode Wizard began the quest for the Orb.
     0 | D        | Reached XP level 1. HP: 11/11 MP: 4/4
     1 | D        | Noticed Ijyb
    11 | D        | Killed Ijyb
    11 | D        | Reached skill level 5 in Spellcasting
    11 | D        | Reached XP level 2. HP: 15/18 MP: 5/8
    11 | D        | Reached XP level 3. HP: 19/22 MP: 5/9
    51 | D        | Learned a level 2 spell: Blink
    54 | D        | Learned a level 2 spell: Call Imp
    58 | D        | Learned a level 3 spell: Conjure Flame
    62 | D        | Learned a level 3 spell: Mephitic Cloud
   144 | D        | Noticed an ogre
   171 | D        | Killed an ogre
   171 | D        | Reached skill level 7 in Spellcasting
   171 | D        | Reached XP level 4. HP: 27/27 MP: 0/13
   266 | D        | Noticed Sigmund
   276 | D        | Killed Sigmund
   276 | D        | Reached skill level 9 in Spellcasting
   276 | D        | Reached skill level 1 in Air Magic
   276 | D        | Reached skill level 1 in Poison Magic
   276 | D        | Reached XP level 5. HP: 22/32 MP: 1/16
   276 | D        | Reached XP level 6. HP: 25/37 MP: 1/18
   395 | D        | Found an ornate altar of the Wu Jian Council.
   395 | D        | Found a shimmering blue altar of Sif Muna.
   397 | D        | Found a radiant altar of Vehumet.
   401 | D        | Became a worshipper of Sif Muna the Loreminder
   419 | D        | Reached skill level 1 in Fighting
   575 | D        | Found Dilannak's General Store.
   575 | D        | Found an ancient bone altar of Kikubaaqudgha.
   575 | D        | Found a hazy altar of Hepliaklqana.
   575 | D        | Found a stormy altar of Qazlal.
   575 | D        | Found a hide-covered altar of Uskayaw.
   575 | D        | Found a blossoming altar of Fedhas.
   575 | D        | Found a bloodstained altar of Trog.
   575 | D        | Found an iron altar of Okawaru.
   575 | D        | Found a basalt altar of Yredelemnul.
   575 | D        | Found a glowing golden altar of the Shining One.
   575 | D        | Found a snail-covered altar of Cheibriados.
   575 | D        | Found a sacrificial altar of Ru.
   575 | D        | Found a glowing silver altar of Zin.
   575 | D        | Found a shadowy altar of Dithmenos.
   575 | D        | Found a white marble altar of Elyvilon.
   575 | D        | Noticed a yak
   583 | D        | Killed a yak
   583 | D        | Reached skill level 10 in Spellcasting
   583 | D        | Reached skill level 1 in Fire Magic
   585 | D        | Found an opulent altar of Gozag.
   586 | D        | Found a sparkling altar of Nemelex Xobeh.
   590 | D        | Bought 6 curare-tipped darts for 39 gold pieces
   595 | D        | Noticed Sonja
   606 | D        | Slain by Sonja

Illustrated notes

Levels and vault maps discovered:
D:        dungeon_sprint_1 [red_sonja_temple_1, red_sonja_temple_small_1]

Skill      XL: |  1  2  3  4  5  6 |
---------------+-------------------+-----
Stealth        | 3 4 |  4.9
Spellcasting   | 5 7 9 10 | 10.1
Dodging        | 3 4 |  4.5
Conjurations   | 2 3 |  3.4
Summonings     | 3 |  3.4
Air Magic      | 1 |  1.3
Poison Magic   | 1 |  1.8
Fighting       | 2 |  2.2
Fire Magic     | 1 |  1.0
Polearms       | |  0.3
Translocations | |  1.2

Action                   |  1- 3 |  4- 6 || total
-------------------------+-------+-------++-------
Melee: Unarmed           |     6 |       ||     6
       Constrict         |     1 |       ||     1
       Scythe            |       |     2 ||     2
Throw: Dart              |       |     1 ||     1
 Cast: Call Imp          |     4 |     4 ||     8
       Magic Dart        |     3 |    13 ||    16
       Mephitic Cloud    |     2 |     4 ||     6
       Conjure Flame     |       |     2 ||     2
       Blink             |       |     3 ||     3
  Use: Potion            |     3 |     1 ||     4
Dodge: Dodged            |     1 |     9 ||    10

Table legend:
 A = Non-vault XP
 B = Vault XP
 C = Vault XP percentage of total XP
 D = Non-vault monster count
 E = Vault monster count
 F = Vault count percentage of total count
                 A         B        C        D         E       F
            +---------+---------+-------+---------+---------+-------
      Total |       0 |     476 | 100.0 |       0 |       5 | 100.0
            +---------+---------+-------+---------+---------+-------
          D |       0 |     476 | 100.0 |       0 |       5 | 100.0
            +---------+---------+-------+---------+---------+-------
